 Dungeon Crawl Stone Soup version 0.22.1-1-ga44c0e5 (webtiles) character file.

6377 n0claF the Slinger (level 10, -2/91 HPs)
             Began as a Centaur Hunter on Sept 21, 2018.
             Was a Follower of Okawaru.
             Slain by a killer bee (6 damage)
             ... on level 8 of the Dungeon.
             The game lasted 00:31:57 (12732 turns).

n0claF the Slinger (Centaur Hunter)                Turns: 12732, Time: 00:31:57

Health: -2/91      AC: 11    Str: 15    XL:     10   Next: 65%
Magic:  10/10      EV: 10    Int: 10    God:    Okawaru [*.....]
Gold:   23         SH:  0    Dex: 13    Spells: 9/9 levels left

rFire    + . .     SeeInvis .   B - +0 demon blade (drain)
rCold    . . .     Gourm    .   (no shield)
rNeg     . . .     Faith    .   v - +3 scale mail {rF+}
rPois    .         Spirit   .   t - +0 helmet
rElec    .         Reflect  .   (no cloak)
rCorr    .         Harm     .   h - +0 pair of gloves
MR       .....                  (no barding)
Stlth    ..........             (no amulet)
HPRegen  0.25/turn              (no ring)
MPRegen  0.12/turn              (no ring)

@: lethally poisoned (-2 -> -3), very quick
A: large, hooves 3, deformed body, speed 2, tough skin 3
a: Heroism, Renounce Religion


You were on level 8 of the Dungeon.
You worshipped Okawaru.
Okawaru was aware of your devotion.
You were not hungry.

You visited 2 branches of the dungeon, and saw 10 of its levels.
You also visited: Sewer.

You collected 371 gold pieces.
You spent 348 gold pieces at shops.

Inventory:

Hand Weapons
 a - a +1 hunting sling
 B - a +0 demon blade of draining (weapon)
   (You bought it in a shop on level 9 of the Dungeon)
 C - a +0 shortbow
   (You found it on level 8 of the Dungeon)
Missiles
 d - 15 sling bullets
 f - 210 stones (quivered)
 p - 2 throwing nets {!f}
 s - 98 arrows
Armour
 h - a +0 pair of gloves (worn)
   (You found it on level 1 of the Dungeon)
 t - a +0 helmet (worn)
   (You found it on level 4 of the Dungeon)
 v - a +3 scale mail of fire resistance (worn)
   (You took it off an orc on level 4 of the Dungeon)
Wands
 u - a wand of paralysis (18)
   (You found it on level 3 of the Dungeon)
Scrolls
 b - 2 scrolls of enchant weapon
 g - 3 scrolls of remove curse {@r2}
 j - a scroll of fear
 k - a scroll of random uselessness
 l - a scroll of amnesia
 m - 3 scrolls of teleportation {@r4}
 o - 3 scrolls of identify {@r1}
 w - 3 scrolls of fog
 x - a scroll of enchant armour
 y - 2 scrolls of summoning
Potions
 c - a potion of brilliance
 i - 4 potions of flight
 q - 2 potions of haste {@q3}
 z - a potion of might
Comestibles
 e - 13 rations {!d}


   Skills:
 + Level 9.4 Fighting
 - Level 10.3 Slings
 * Level 5.8 Bows
 + Level 7.2 Dodging
 - Level 0.4 Stealth


You had 9 spell levels left.
You didn't know any spells.
Your spell library contained the following spells:

 Spells                   Type           Power        Failure   Level  Hunger
 Freeze                   Ice            #...         85%         1    ##.....
 Throw Frost              Conj/Ice       #.....       94%         2    ###....
 Ozocubu's Armour         Chrm/Ice       #.......     99%         3    ####...
 Summon Ice Beast         Ice/Summ       #.......     100%        4    #####..
 Throw Icicle             Conj/Ice       #.......     100%        4    #####..


Dungeon Overview and Level Annotations

Branches:
Dungeon (9/15)             Temple (1/1) D:7
   Lair: D:8-11         Orc: D:9-12

Altars:
Ashenzari
Cheibriados
Dithmenos
Elyvilon
Fedhas
Gozag
Hepliaklqana
Kikubaaqudgha
Makhleb
Nemelex Xobeh
Okawaru
Qazlal
Ru
Sif Muna
Trog
Uskayaw
Vehumet
Wu Jian
Xom
Yredelemnul
Zin
The Shining One

Shops:
D:4 (   D:6 }   D:7 (   D:9 *


Innate Abilities, Weirdness & Mutations

You have hooves in place of feet.
Armour fits poorly on your strangely shaped body.
You cover ground very quickly.
You have extremely tough skin. (AC +3)


Message History

You feel sick.
You feel sick.
The killer bee stings you but does no damage.
You feel sick.
You feel sick.
You feel sick.
The killer bee stings you but does no damage.
You feel sick.
You feel sick. The killer bee completely misses you.
You riposte.
You hit the killer bee. You drain the killer bee!
You feel sick.
You feel sick.
There is a stone staircase leading down here.
You feel sick.
You feel sick. The killer bee barely misses you.
You feel sick. The killer bee completely misses you.
You riposte.
You barely miss the killer bee.
There is a stone staircase leading up here.
Wield which item (- for none, * to show all)? (? for menu, Esc to quit)
Okay, then.
You feel sick.
The killer bee stings you but does no damage.
The killer bee closely misses you.
You riposte.
Your scale mail prevents you from hitting the killer bee.
The killer bee stings you but does no damage.
You climb upwards.
You feel sick.
There is a stone staircase leading down here.
You barely miss the killer bee.
You feel sick. The killer bee closely misses you.
You riposte.
You miss the killer bee.
The killer bee stings you but does no damage.
You closely miss the killer bee.
The killer bee stings you but does no damage.
The killer bee stings you.
* * * LOW HITPOINT WARNING * * *
The killer bee stings you but does no damage.
You closely miss the killer bee.
You feel sick. The killer bee stings you!
* * * LOW HITPOINT WARNING * * *
The killer bee stings you but does no damage. x2
You miss the killer bee. Your kick misses the killer bee.
The killer bee stings you but does no damage. x2
You slash the killer bee!
You feel sick.
The killer bee stings you but does no damage. x3
You barely miss the killer bee.
The killer bee stings you but does no damage. x2
Unknown command.
You miss the killer bee.
You feel sick. The killer bee barely misses you.
The killer bee closely misses you. The killer bee stings you.
You die...

#######...###.[..########
##....##...#####'###..>...
#..........#..............
#..........'..............
#..........#..............
#########....###..##...#.>#.##...
..##...##....###'###...##########
...#............y>......#
...#............@.......#
...#....................#
...#....................#
...#....................#
...#....................#
..##....##'#####...##'#####
............####...##..#..#
.###'###.....#......<.....# .#
#.# #.....#............#


You could see a killer bee.

Vanquished Creatures
  Harold (D:7)
  Pikel (D:8)
  An ugly thing (D:7)
  Psyche (D:8)
  Grinder (D:4)
  Sigmund (D:6)
  6 yaks (D:9)
  Grum (D:8)
  Purgy (Sewer)
  2 slaves
  2 orc warriors (D:8)
  A necrophage (D:5)
  An ice beast (D:7)
  2 sky beasts
  2 ogres
  3 wolves
  A centaur (D:9)
  A big kobold (D:7)
  Blork the orc (D:6)
  4 bullfrogs
  A water moccasin zombie (D:9)
  A wyvern skeleton (D:7)
  3 scorpions
  2 killer bees (D:9)
  4 wights (D:7)
  5 crimson imps
  A centaur skeleton (D:5)
  A hound (D:4)
  2 gnoll shamans
  An orc priest (D:8)
  3 jellies
  3 orc wizards
  2 bullfrog skeletons (D:4)
  6 worker ants
  A hound skeleton (D:7)
  A worker ant zombie (D:7)
  18 gnolls
  A howler monkey skeleton (D:5)
  A river rat (D:4)
  11 adders
  2 shadow imps
  An ooze (D:2)
  3 worms
  A dart slug (D:2)
  2 leopard geckos
  29 orcs
  5 ball pythons
  16 bats
  3 giant cockroaches
  2 goblins
  8 hobgoblins
  6 jackals
  2 quokkas
  6 frilled lizards
  16 kobolds
  2 leopard gecko skeletons (D:4)
  A leopard gecko zombie (D:8)
  8 rats
215 creatures vanquished.

Notes
Turn   | Place    | Note
-------+----------+-------------------------------------------
     0 | D:1      | n0claF the Centaur Hunter began the quest for the Orb.
     0 | D:1      | Reached XP level 1. HP: 17/17 MP: 1/1
   150 | D:1      | Reached XP level 2. HP: 17/25 MP: 2/2
   465 | D:1      | Reached XP level 3. HP: 30/30 MP: 3/3
   812 | D:2      | Reached skill level 5 in Slings
   984 | D:2      | Reached XP level 4. HP: 37/37 MP: 4/4
  1587 | D:3      | Reached XP level 5. HP: 45/45 MP: 5/5
  2454 | D:3      | Reached XP level 6. HP: 52/52 MP: 6/6
  2605 | D:3      | Found an ornate altar of the Wu Jian Council.
  2647 | D:4      | Found Pyur's Antique Weapon Shoppe.
  2731 | D:4      | Found a glowing drain.
  2787 | Sewer    | Entered a sewer
  2910 | Sewer    | Noticed Purgy
  2958 | Sewer    | HP: 3/78 [Purgy (1)]
  2971 | Sewer    | Killed Purgy
  2971 | Sewer    | Reached skill level 6 in Slings
  3841 | D:4      | Reached XP level 7. HP: 43/60 MP: 7/7
  3860 | D:4      | Found a shadowy altar of Dithmenos.
  3868 | D:4      | Found a burning altar of Makhleb.
  3885 | D:4      | Found a shattered altar of Ashenzari.
  4008 | D:4      | Found a white marble altar of Elyvilon.
  4036 | D:4      | Noticed Grinder
  4039 | D:4      | Paralysed by Grinder for 6 turns
  4053 | D:4      | Paralysed by Grinder for 3 turns
  4071 | D:4      | Killed Grinder
  4071 | D:4      | Reached skill level 5 in Fighting
  4528 | D:5      | Entered Level 5 of the Dungeon
  4563 | D:5      | Reached skill level 7 in Slings
  4749 | D:5      | Found a bloodstained altar of Trog.
  4886 | D:5      | Reached XP level 8. HP: 69/69 MP: 8/8
  5489 | D:6      | Found a sacrificial altar of Ru.
  6042 | D:6      | Noticed Sigmund
  6090 | D:6      | Killed Sigmund
  6090 | D:6      | Reached skill level 8 in Slings
  6131 | D:6      | Reached skill level 5 in Dodging
  6281 | D:6      | Noticed Blork the orc
  6307 | D:6      | Killed Blork the orc
  6570 | D:6      | Found Eminies's Gadget Shoppe.
  7031 | D:7      | Reached XP level 9. HP: 63/78 MP: 9/9
  7684 | D:7      | Found an opulent altar of Gozag.
  7685 | D:7      | Found a sparkling altar of Nemelex Xobeh.
  7788 | D:7      | Found a deep blue altar of Sif Muna.
  7873 | D:7      | Reached skill level 9 in Slings
  8042 | D:7      | Found Natsais's Weapon Boutique.
  8134 | D:7      | Noticed a purple ugly thing
  8183 | D:7      | Killed a purple ugly thing
  8681 | D:7      | Found a staircase to the Ecumenical Temple.
  8738 | D:8      | Noticed Harold
  8972 | D:8      | Noticed Pikel
  9065 | D:8      | Noticed Grum
  9530 | D:7      | Killed Harold
  9530 | D:7      | Reached skill level 10 in Slings
  9922 | D:8      | Killed Grum
  9922 | D:8      | Reached XP level 10. HP: 64/90 MP: 10/10
 10265 | D:8      | Noticed Psyche
 10312 | D:8      | Paralysed by something for 3 turns
 10316 | D:8      | Killed Psyche
 11032 | D:8      | Found a snail-covered altar of Cheibriados.
 11187 | D:8      | Reached skill level 1 in Bows
 11282 | D:8      | Killed Pikel
 11404 | Temple   | Entered the Ecumenical Temple
 11528 | Temple   | Became a worshipper of Warmaster Okawaru
 11592 | D:9      | Found a blossoming altar of Fedhas.
 11620 | D:9      | Found an ancient bone altar of Kikubaaqudgha.
 11834 | D:9      | Reached * piety under Okawaru
 11834 | D:9      | Reached skill level 5 in Bows
 12366 | D:9      | Found Benwioth's Wicked Wares.
 12375 | D:9      | Found a burning altar of Makhleb.
 12383 | D:9      | Bought a +0 demon blade of draining for 348 gold pieces
 12730 | D:8      | HP: 4/91 [poisoned by a killer bee]
 12732 | D:8      | Slain by a killer bee

Skill      XL: |  1  2  3  4  5  6  7  8  9 10 |
---------------+-------------------------------+-----
Dodging        | 2 3 4 5 6 7 |  7.2
Slings         | 5 6 7 8 10 | 10.3
Fighting       | 3 4 5 7 8 9 |  9.4
Bows           | 5 |  5.8
Stealth        | |  0.4

Action                   |  1- 3 |  4- 6 |  7- 9 | 10-12 || total
-------------------------+-------+-------+-------+-------++-------
Melee: Short sword       |       |       |    19 |       ||    19
       Scythe            |       |       |    59 |    10 ||    69
       Kick              |       |       |    21 |    20 ||    41
       Demon blade       |       |       |       |    37 ||    37
       Dagger            |       |       |       |    11 ||    11
 Fire: Hunting sling     |   104 |   337 |   393 |   239 ||  1073
       Shortbow          |       |       |       |    23 ||    23
  Use: Potion            |       |     6 |     3 |     3 ||    12
       Scroll            |       |       |     9 |     7 ||    16
  Eat: Chunk             |       |     6 |     5 |     4 ||    15
       Ration            |       |       |     3 |     1 ||     4
Armor: Leather armour    |    13 |    47 |     8 |       ||    68
       Skin              |       |    30 |       |       ||    30
       Scale mail        |       |       |   116 |    98 ||   214
Dodge: Dodged            |    21 |    86 |   123 |    76 ||   306
       Rpst.: Demon blade |       |       |       |    12 ||    12
